AoeStats
← KG.专业开脑壳

Arabia

504216517Analyzed
4v4 RM · 27d ago on Sep 4, 2026· 69m 43s· 8 players
Game mode
Random Map
Map size
Large (8 player)
Population
200
Speed
Normal
Resources
Standard
Victory
Conquest
Starting age
Dark Age
Ending age
Imperial Age
RankedLock teamsTeams togetherTeam positionsShared explorationLock speedFull tech treeHidden civsTurbo modeCheats
Victory
Defeat
🇨🇳 Maya · China
1231
+15
🇨🇳 Ethiopians · China
1228
+15
🇨🇳 Persians · China
1195
+17
🇨🇳 Franks · China
1184
+18
🇨🇳 Ethiopians · China
1254
-18
🇨🇳 Ethiopians · China
1238
-17
🇬🇷 Franks · Greece
1192
-15
🇮🇩 Persians · Indonesia
1185
-15
青柑普洱
0:29 Loom
9:10 Feudal Age
15:51 Fletching
20:24 Padded Archer Armor
32:11 Wheelbarrow
38:04 Castle Age
38:38 Gold Mining
38:49 Double-Bit Axe
38:45 Horse Collar
39:04 Bodkin Arrow
38:59 Town Watch
40:13 Bow Saw
40:11 Heavy Plow
43:14 Hand Cart
45:21 Stone Mining
47:32 Stone Shaft Mining
47:52 Eagle Warrior
48:41 Squires
48:45 Scale Mail Armor
48:57 Forging
50:52 Chain Mail Armor
51:13 Iron Casting
54:15 Imperial Age
53:12 Arson
54:12 Caravan
54:58 Masonry
56:22 Holcans
56:56 Plate Mail Armor
57:27 Blast Furnace
56:19 Elite Eagle Warrior
61:54 Conscription
67:26 Spies/Treason
2265138721
7:09 Loom
9:31 Feudal Age
10:05 Double-Bit Axe
15:50 Fletching
17:29 Horse Collar
22:20 Castle Age
20:17 Gold Mining
20:53 Padded Archer Armor
22:27 Crossbowman
23:15 Thumb Ring
23:08 Bodkin Arrow
26:17 Bow Saw
32:13 Wheelbarrow
31:44 Heavy Plow
32:48 Gold Shaft Mining
32:04 Stone Mining
34:39 Ballistics
37:35 Imperial Age
36:38 Hand Cart
36:57 Leather Archer Armor
39:25 Two-Man Saw
38:30 Bracer
40:19 Chemistry
39:03 Arbalester
40:26 Conscription
40:50 Ring Archer Armor
43:46 Squires
43:32 Arson
45:47 Scale Mail Armor
45:58 Forging
47:02 Coinage
47:46 Chain Mail Armor
48:06 Iron Casting
48:54 Banking
56:07 Plate Mail Armor
56:38 Blast Furnace
55:41 Elite Shotel Warrior
jinzhi
6:26 Loom
9:31 Feudal Age
21:59 Forging
22:07 Bloodlines
26:30 Castle Age
24:59 Scale Barding Armor
26:24 Light Cavalry
27:04 Husbandry
27:27 Double-Bit Axe
28:10 Chain Barding Armor
28:55 Iron Casting
31:38 Gold Mining
34:19 Horse Collar
41:35 Imperial Age
40:18 Gold Shaft Mining
39:43 Stone Mining
41:34 Stone Shaft Mining
41:31 Bow Saw
41:32 Cavalier
44:01 Guilds
50:23 Wheelbarrow
52:09 Murder Holes
53:08 Plate Barding Armor
54:44 Fletching
55:56 Blast Furnace
55:32 Ballistics
55:42 Kamandaran
57:12 Thumb Ring
57:50 Crossbowman
58:34 Bodkin Arrow
58:41 Padded Archer Armor
60:31 Hand Cart
60:03 Town Watch
61:02 Leather Archer Armor
61:57 Conscription
63:00 Ring Archer Armor
64:40 Capped Ram
65:30 Siege Ram
mipolin
7:54 Loom
10:15 Feudal Age
11:00 Double-Bit Axe
16:37 Scale Barding Armor
18:47 Forging
22:41 Castle Age
24:21 Gold Mining
27:56 Bow Saw
29:21 Chain Barding Armor
31:56 Stone Mining
32:59 Wheelbarrow
37:03 Imperial Age
35:27 Husbandry
36:07 Iron Casting
37:11 Cavalier
38:30 Plate Barding Armor
38:56 Blast Furnace
39:07 Paladin
52:59 Light Cavalry
62:33 Conscription
66:31 Hand Cart
Madeft
0:26 Loom
10:36 Feudal Age
11:12 Double-Bit Axe
13:44 Wheelbarrow
13:55 Scale Barding Armor
15:31 Forging
24:30 Castle Age
22:23 Gold Mining
24:36 Light Cavalry
25:19 Husbandry
26:22 Chain Barding Armor
29:21 Iron Casting
32:43 Hand Cart
37:34 Bow Saw
41:44 Imperial Age
39:23 Scale Mail Armor
39:15 Fletching
39:28 Padded Archer Armor
43:04 Plate Barding Armor
41:52 Cavalier
42:56 Conscription
43:15 Hoardings
43:41 Gold Shaft Mining
43:00 Stone Mining
44:46 Blast Furnace
44:26 Chain Mail Armor
43:34 Pikeman
44:15 Squires
44:01 Arson
44:02 Gambesons
46:02 Town Watch
45:43 Paladin
46:45 Halberdier
Oz[A]nT
3:40 Loom
10:18 Feudal Age
17:55 Castle Age
41:05 Double-Bit Axe
41:03 Horse Collar
43:17 Wheelbarrow
43:14 Bow Saw
43:10 Heavy Plow
47:40 Fletching
51:03 Imperial Age
66:31 Chemistry
65:58 Ballistics
67:06 Husbandry
smallpox04
6:57 Loom
9:08 Feudal Age
9:58 Double-Bit Axe
12:49 Fletching
20:48 Padded Archer Armor
21:34 Horse Collar
24:00 Castle Age
22:06 Gold Mining
24:45 Bodkin Arrow
24:10 Crossbowman
25:27 Wheelbarrow
25:05 Bow Saw
27:40 Gold Shaft Mining
28:01 Heavy Plow
28:31 Thumb Ring
30:12 Stone Mining
30:30 Town Watch
35:51 Imperial Age
33:37 Hand Cart
34:29 Scale Mail Armor
34:56 Ballistics
36:28 Stone Shaft Mining
36:09 Forging
36:55 Chain Mail Armor
37:42 Chemistry
36:43 Bracer
36:57 Arbalester
38:23 Conscription
38:09 Royal Heirs
39:56 Plate Mail Armor
38:55 Elite Shotel Warrior
40:04 Town Patrol
40:21 Masonry
40:55 Squires
41:32 Iron Casting
43:52 Leather Archer Armor
44:39 Blast Furnace
43:42 Halberdier
47:57 Scale Barding Armor
48:02 Arson
57:35 Ring Archer Armor
56:26 Elite Skirmisher
57:28 Chain Barding Armor
KG.专业开脑壳
7:03 Loom
9:36 Feudal Age
11:21 Double-Bit Axe
14:23 Gold Mining
15:52 Fletching
17:52 Padded Archer Armor
23:09 Castle Age
22:57 Horse Collar
23:14 Crossbowman
25:24 Gold Shaft Mining
25:09 Bodkin Arrow
Connection lost

Rejoining the realm…

Still unreachable

The connection could not be restored.

Session expired

The server has moved on; the page needs a fresh start.